[ PARTIDA AOE2 · #507180543 ]
UnrankedIndostaníes vs Gurjaras
Equipo del jugador · DERR
Equipo rival · VICT
[ ANÁLISIS DE REPETICIÓN · EXTRAÍDO DE LA PARTIDA GRABADA ]
Feudal
10:41
Castillos
—
Imperial
—
| APM promedio | 78.4 |
| APM pico | 128 |
| eAPM promedio | 35.5 |
| Aldeanos / militares | 72 / 35 |
Foco
⚔️ 51.2% · 🌾 48.8%
Skirmisher ×15 · Militia ×11 · Scout Cavalry ×9
Feudal
8:55
Castillos
—
Imperial
—
| APM promedio | 63.5 |
| APM pico | 98 |
| eAPM promedio | 32.3 |
| Aldeanos / militares | 59 / 23 |
Foco
⚔️ 43.6% · 🌾 56.4%
Archer ×14 · Skirmisher ×6 · Spearman ×3
Mapa de la partida
Recursos iniciales + cada clic de construcción. Líneas = muros · curvas = relieve. ◆ oro · ⬟ piedra · ● bayas · ✦ reliquia · ◌ hueco del cierre
Tu base· Abierta — flanco sin cerrar
Base de ROBERTO15· Abierta — flanco sin cerrar
Terreno inicial suavizado · ◌ = hueco del cierre detectado · pasá el cursor para detalles
Inputs por minuto
— SVTT | Альпинист - - ROBERTO15
Build order — SVTT | Альпинист
Primeras 150 de 167 acciones detectadas
| 0:01 | Encolar | Villager (Male) |
| 0:01 | Encolar | Villager (Male) |
| 0:01 | Encolar | Villager (Male) |
| 0:02 | Construir | House |
| 0:04 | Construir | House |
| 0:10 | Encolar | Villager (Male) |
| 0:10 | Encolar | Villager (Male) |
| 1:13 | Encolar | Villager (Male) |
| 1:14 | Encolar | Villager (Male) |
| 1:33 | Encolar | Villager (Male) |
| 1:34 | Encolar | Villager (Male) |
| 1:58 | Encolar | Villager (Male) |
| 2:23 | Encolar | Villager (Male) |
| 2:24 | Encolar | Villager (Male) |
| 2:41 | Encolar | Villager (Male) |
| 2:54 | Construir | Barracks |
| 2:59 | Encolar | Villager (Male) |
| 2:59 | Encolar | Villager (Male) |
| 3:23 | Encolar | Villager (Male) |
| 3:51 | Construir | House |
| 4:03 | Encolar | Militia |
| 4:03 | Encolar | Militia |
| 4:14 | Encolar | Militia |
| 4:15 | Encolar | Militia |
| 4:24 | Construir | House |
| 4:38 | Encolar | Villager (Male) |
| 5:03 | Construir | House |
| 5:11 | Encolar | Villager (Male) |
| 5:11 | Encolar | Villager (Male) |
| 5:12 | Encolar | Villager (Male) |
| 5:27 | Encolar | Villager (Male) |
| 5:58 | Encolar | Villager (Male) |
| 5:58 | Encolar | Villager (Male) |
| 6:35 | Encolar | Villager (Male) |
| 6:35 | Encolar | Villager (Male) |
| 6:35 | Encolar | Villager (Male) |
| 6:35 | Encolar | Villager (Male) |
| 6:40 | Construir | Mill |
| 6:52 | Encolar | Villager (Male) |
| 7:10 | Encolar | Villager (Male) |
| 7:27 | Construir | Lumber Camp |
| 8:31 | Investigar | Feudal Age |
| 8:54 | Construir | Mining Camp |
| 9:05 | Encolar | Militia |
| 9:05 | Encolar | Militia |
| 9:20 | Encolar | Militia |
| 9:20 | Encolar | Militia |
| 9:40 | Construir | House |
| 9:45 | Construir | House |
| 9:49 | Encolar | Militia |
| 10:30 | Encolar | Villager (Male) |
| 10:35 | Investigar | Loom |
| 10:41 | Edad | Edad Feudal |
| 10:50 | Encolar | Villager (Male) |
| 10:55 | Investigar | Man-at-Arms (upgrade) |
| 11:02 | Construir | Watch Tower |
| 11:12 | Construir | Archery Range |
| 11:26 | Encolar | Villager (Male) |
| 11:48 | Encolar | Villager (Male) |
| 12:04 | Encolar | Villager (Male) |
| 12:07 | Construir | Mining Camp |
| 12:14 | Encolar | Skirmisher |
| 12:14 | Encolar | Skirmisher |
| 12:14 | Encolar | Skirmisher |
| 12:33 | Encolar | Skirmisher |
| 12:33 | Encolar | Skirmisher |
| 12:34 | Encolar | Skirmisher |
| 12:34 | Encolar | Skirmisher |
| 12:40 | Construir | House |
| 12:56 | Encolar | Villager (Male) |
| 13:22 | Construir | Watch Tower |
| 13:25 | Encolar | Villager (Male) |
| 13:27 | Construir | Farm |
| 13:29 | Construir | Farm |
| 13:34 | Encolar | Skirmisher |
| 13:40 | Construir | Farm |
| 13:42 | Encolar | Skirmisher |
| 13:42 | Encolar | Skirmisher |
| 13:57 | Encolar | Militia |
| 13:57 | Encolar | Militia |
| 14:13 | Encolar | Villager (Male) |
| 14:14 | Encolar | Villager (Male) |
| 14:26 | Construir | House |
| 14:32 | Construir | Farm |
| 14:42 | Construir | Watch Tower |
| 14:58 | Encolar | Villager (Male) |
| 14:59 | Encolar | Villager (Male) |
| 15:10 | Encolar | Villager (Male) |
| 15:11 | Encolar | Villager (Male) |
| 15:18 | Encolar | Villager (Male) |
| 15:20 | Construir | Farm |
| 15:44 | Encolar | Villager (Male) |
| 15:44 | Encolar | Villager (Male) |
| 16:00 | Encolar | Villager (Male) |
| 16:04 | Construir | Farm |
| 16:05 | Construir | Farm |
| 16:22 | Encolar | Skirmisher |
| 16:49 | Encolar | Villager (Male) |
| 16:49 | Encolar | Villager (Male) |
| 16:49 | Encolar | Villager (Male) |
| 16:50 | Encolar | Villager (Male) |
| 16:55 | Encolar | Villager (Male) |
| 17:17 | Construir | Watch Tower |
| 17:17 | Encolar | Villager (Male) |
| 17:18 | Encolar | Villager (Male) |
| 17:18 | Encolar | Villager (Male) |
| 17:23 | Construir | Stable |
| 17:26 | Investigar | Double-Bit Axe |
| 17:26 | Investigar | Double-Bit Axe |
| 17:28 | Encolar | Villager (Male) |
| 17:36 | Encolar | Villager (Male) |
| 17:51 | Encolar | Villager (Male) |
| 18:06 | Construir | Palisade Wall |
| 18:06 | Construir | Palisade Wall |
| 18:06 | Construir | Palisade Wall |
| 18:07 | Construir | Palisade Wall |
| 18:16 | Encolar | Villager (Male) |
| 18:23 | Construir | Outpost |
| 18:25 | Encolar | Scout Cavalry |
| 18:25 | Encolar | Scout Cavalry |
| 18:26 | Encolar | Scout Cavalry |
| 18:26 | Encolar | Skirmisher |
| 18:42 | Encolar | Villager (Male) |
| 18:48 | Construir | House |
| 18:49 | Construir | Watch Tower |
| 18:57 | Construir | Lumber Camp |
| 19:00 | Encolar | Villager (Male) |
| 19:00 | Encolar | Villager (Male) |
| 19:04 | Encolar | Villager (Male) |
| 19:06 | Encolar | Scout Cavalry |
| 19:08 | Construir | Farm |
| 19:08 | Construir | Farm |
| 19:08 | Construir | Farm |
| 19:08 | Construir | Farm |
| 19:09 | Construir | Farm |
| 19:25 | Encolar | Scout Cavalry |
| 19:25 | Encolar | Scout Cavalry |
| 19:40 | Construir | House |
| 19:41 | Encolar | Scout Cavalry |
| 19:41 | Encolar | Scout Cavalry |
| 19:41 | Encolar | Scout Cavalry |
| 19:52 | Encolar | Villager (Male) |
| 19:52 | Encolar | Villager (Male) |
| 19:52 | Encolar | Villager (Male) |
| 19:55 | Construir | Farm |
| 19:57 | Construir | Farm |
| 19:58 | Construir | Farm |
| 20:08 | Investigar | Horse Collar |
| 20:08 | Investigar | Horse Collar |
| 20:10 | Encolar | Villager (Male) |
Build order — ROBERTO15
Primeras 150 de 152 acciones detectadas
| 0:00 | Encolar | Villager (Male) |
| 0:00 | Encolar | Villager (Male) |
| 0:01 | Encolar | Villager (Male) |
| 0:01 | Construir | House |
| 0:02 | Encolar | Villager (Male) |
| 0:04 | Construir | House |
| 0:42 | Construir | Mill |
| 1:38 | Encolar | Villager (Male) |
| 1:38 | Encolar | Villager (Male) |
| 2:04 | Encolar | Villager (Male) |
| 2:05 | Encolar | Villager (Male) |
| 2:24 | Encolar | Villager (Male) |
| 2:25 | Encolar | Villager (Male) |
| 2:52 | Encolar | Villager (Male) |
| 3:07 | Encolar | Villager (Male) |
| 3:07 | Encolar | Villager (Male) |
| 3:24 | Encolar | Villager (Male) |
| 3:29 | Encolar | Villager (Male) |
| 3:37 | Encolar | Villager (Male) |
| 3:57 | Construir | House |
| 3:59 | Encolar | Villager (Male) |
| 4:00 | Encolar | Villager (Male) |
| 4:08 | Encolar | Villager (Male) |
| 4:27 | Encolar | Villager (Male) |
| 4:28 | Encolar | Villager (Male) |
| 4:48 | Encolar | Villager (Male) |
| 5:23 | Encolar | Villager (Male) |
| 5:46 | Encolar | Villager (Male) |
| 5:56 | Construir | Lumber Camp |
| 6:04 | Investigar | Loom |
| 6:45 | Investigar | Feudal Age |
| 6:45 | Investigar | Feudal Age |
| 7:19 | Construir | Palisade Gate |
| 7:25 | Construir | House |
| 8:08 | Construir | Palisade Wall |
| 8:16 | Encolar | Villager (Male) |
| 8:26 | Construir | Barracks |
| 8:55 | Edad | Edad Feudal |
| 8:57 | Encolar | Villager (Male) |
| 9:43 | Encolar | Villager (Male) |
| 9:45 | Construir | Archery Range |
| 10:01 | Encolar | Villager (Male) |
| 10:12 | Encolar | Villager (Male) |
| 10:20 | Construir | Watch Tower |
| 10:23 | Encolar | Villager (Male) |
| 10:28 | Encolar | Archer |
| 10:28 | Encolar | Archer |
| 10:51 | Construir | Mining Camp |
| 11:00 | Construir | Palisade Wall |
| 11:17 | Encolar | Villager (Male) |
| 11:26 | Encolar | Villager (Male) |
| 11:28 | Encolar | Archer |
| 11:28 | Encolar | Archer |
| 11:33 | Construir | House |
| 11:46 | Construir | Palisade Gate |
| 11:54 | Investigar | Town Watch |
| 11:57 | Construir | House |
| 12:01 | Encolar | Villager (Male) |
| 12:13 | Encolar | Archer |
| 12:13 | Encolar | Archer |
| 12:17 | Investigar | Double-Bit Axe |
| 12:17 | Investigar | Double-Bit Axe |
| 12:28 | Construir | Palisade Wall |
| 12:39 | Encolar | Villager (Male) |
| 12:41 | Construir | Palisade Gate |
| 12:47 | Construir | House |
| 12:50 | Encolar | Villager (Male) |
| 13:00 | Construir | House |
| 13:08 | Encolar | Archer |
| 13:10 | Encolar | Villager (Male) |
| 13:18 | Encolar | Villager (Male) |
| 13:31 | Encolar | Skirmisher |
| 13:34 | Encolar | Villager (Male) |
| 13:44 | Encolar | Skirmisher |
| 13:44 | Encolar | Skirmisher |
| 13:46 | Encolar | Villager (Male) |
| 14:02 | Encolar | Villager (Male) |
| 14:04 | Construir | Mining Camp |
| 14:12 | Construir | Farm |
| 14:15 | Encolar | Villager (Male) |
| 14:21 | Construir | House |
| 14:27 | Construir | Palisade Gate |
| 14:31 | Construir | Palisade Wall |
| 14:42 | Encolar | Skirmisher |
| 14:55 | Construir | House |
| 15:01 | Construir | House |
| 15:03 | Encolar | Skirmisher |
| 15:05 | Encolar | Villager (Male) |
| 15:10 | Encolar | Villager (Male) |
| 15:28 | Construir | Farm |
| 15:30 | Construir | Farm |
| 15:38 | Construir | Watch Tower |
| 15:46 | Construir | House |
| 15:50 | Construir | Farm |
| 15:54 | Encolar | Villager (Male) |
| 16:00 | Encolar | Villager (Male) |
| 16:20 | Construir | Farm |
| 16:27 | Encolar | Villager (Male) |
| 16:40 | Encolar | Villager (Male) |
| 16:48 | Encolar | Villager (Male) |
| 16:50 | Encolar | Villager (Male) |
| 17:20 | Construir | Farm |
| 17:22 | Construir | Mill |
| 17:23 | Construir | Farm |
| 17:25 | Construir | Farm |
| 17:26 | Encolar | Skirmisher |
| 17:39 | Encolar | Archer |
| 17:40 | Encolar | Archer |
| 17:43 | Construir | Farm |
| 17:48 | Construir | Lumber Camp |
| 18:02 | Construir | Outpost |
| 18:11 | Construir | Farm |
| 18:13 | Construir | House |
| 18:21 | Construir | Palisade Gate |
| 18:23 | Encolar | Archer |
| 18:28 | Construir | Outpost |
| 18:30 | Encolar | Villager (Male) |
| 18:35 | Construir | House |
| 18:36 | Construir | House |
| 18:54 | Construir | House |
| 19:01 | Construir | Mining Camp |
| 19:01 | Encolar | Villager (Male) |
| 19:07 | Construir | Palisade Wall |
| 19:20 | Construir | Outpost |
| 19:23 | Construir | Farm |
| 19:27 | Construir | Farm |
| 19:31 | Encolar | Archer |
| 19:34 | Encolar | Villager (Male) |
| 19:36 | Encolar | Villager (Male) |
| 20:05 | Construir | Watch Tower |
| 20:15 | Encolar | Archer |
| 20:20 | Encolar | Spearman |
| 20:20 | Encolar | Spearman |
| 20:38 | Construir | Blacksmith |
| 20:54 | Encolar | Villager (Male) |
| 21:06 | Construir | Watch Tower |
| 21:07 | Encolar | Archer |
| 21:14 | Investigar | Fletching |
| 21:15 | Investigar | Fletching |
| 21:20 | Encolar | Villager (Male) |
| 21:26 | Construir | Market |
| 21:29 | Encolar | Archer |
| 21:32 | Encolar | Villager (Male) |
| 21:43 | Encolar | Villager (Male) |
| 21:48 | Encolar | Spearman |
| 22:02 | Encolar | Villager (Male) |
| 22:17 | Construir | Mining Camp |
| 22:20 | Construir | Lumber Camp |
| 22:34 | Construir | Palisade Wall |
| 22:36 | Construir | Palisade Wall |
Cronología de la partida
| 2:54 | SVTT | Альпинист · first_building Barracks |
| 8:08 | ROBERTO15 · wall_segment Palisade Wall x1 |
| 8:26 | ROBERTO15 · first_building Barracks |
| 8:55 | ROBERTO15 · age_up feudal |
| 9:45 | ROBERTO15 · first_building Archery Range |
| 10:41 | SVTT | Альпинист · age_up feudal |
| 11:00 | ROBERTO15 · wall_segment Palisade Wall x1 |
| 11:12 | SVTT | Альпинист · first_building Archery Range |
| 12:28 | ROBERTO15 · wall_segment Palisade Wall x1 |
| 14:31 | ROBERTO15 · wall_segment Palisade Wall x5 |
| 17:23 | SVTT | Альпинист · first_building Stable |
| 18:06 | SVTT | Альпинист · wall_segment Palisade Wall x1 |
| 18:06 | SVTT | Альпинист · wall_segment Palisade Wall x1 |
| 18:06 | SVTT | Альпинист · wall_segment Palisade Wall x1 |
| 18:07 | SVTT | Альпинист · wall_segment Palisade Wall x2 |
| 19:07 | ROBERTO15 · wall_segment Palisade Wall x11 |
| 22:34 | ROBERTO15 · wall_segment Palisade Wall x1 |
| 22:34 | ROBERTO15 · first_market_sell 100 stone |
| 22:36 | ROBERTO15 · wall_segment Palisade Wall x1 |
| 22:37 | ROBERTO15 · wall_segment Palisade Wall x1 |
| 23:08 | SVTT | Альпинист · resign |
[ ANÁLISIS IA · 1 CRÉDITO ]
¿Qué pasó realmente en esta partida?
Wolo.gg analiza cada decisión: build order, eco, micro, errores típicos por bracket. Análisis personalizado por WhatsApp o Discord en 30 segundos.
Guía civ
Indostaníes
Perfil
Jugador #6375678